 Dungeon Crawl Stone Soup version 0.24-a0-201-gf205589 (console) character file.

Game seed: 10940423402787927810

195 Duffy the Skirmisher (level 5, 38/38 HPs)
             Began as an Octopode Transmuter on Mar 20, 2019.
             Quit the game on level 2 of the Dungeon.
             The game lasted 00:01:41 (1653 turns).

Duffy the Skirmisher (Octopode Transmuter)          Turns: 1653, Time: 00:01:42

Health: 38/38      AC:  1    Str: 10    XL:     5   Next: 74%
Magic:  8/8        EV: 14    Int: 16    God:
Gold:   120        SH:  0    Dex: 18    Spells: 2/8 levels left

rFire    . . .     SeeInvis .     - Unarmed
rCold    . . .     Gourm    .   (no shield)
rNeg     . . .     Faith    .   (helmet restricted)
rPois    .         Spirit   .   (no amulet)
rElec    .         Reflect  .   b - +6 ring of dexterity
rCorr    .         Harm     .   (no ring)
MR       .....                  (no ring)
Stlth    +++.......             (no ring)
HPRegen  0.12/turn              (no ring)
MPRegen  0.11/turn              (no ring)
                                (no ring)
                                (no ring)

@: no status effects
A: almost no armour, stealthy swim, amphibious, 8 rings, constrict 8, camouflage
1, gelatinous body 1
a: no special abilities


You were on level 2 of the Dungeon.
You were not hungry.

You visited 1 branch of the dungeon, and saw 2 of its levels.

You collected 120 gold pieces.

Inventory:

Missiles
 a - 34 arrows
Jewellery
 b - a +6 ring of dexterity (left tentacle)
Scrolls
 d - a scroll of enchant weapon {unknown}
 e - a scroll of blinking {unknown}
 f - a scroll of teleportation {unknown}
 i - 2 scrolls of amnesia {unknown}
 j - a scroll of remove curse {unknown}
 k - a scroll of magic mapping {unknown}
Potions
 h - 2 potions of invisibility {unknown}
 l - 2 potions of lignification {unknown}
 n - a potion of magic {unknown}
Comestibles
 c - 5 rations


   Skills:
 + Level 4.3 Fighting
 - Level 2.0 Dodging
 - Level 3.0 Unarmed Combat
 - Level 2.0 Spellcasting
 - Level 2.0 Transmutations
 - Level 3.6 Poison Magic


You had 2 spell levels left.
You knew the following spells:

 Your Spells              Type           Power        Failure   Level  Hunger
h - Beastly Appendage     Tmut           #.....       9%          1    #......
j - Sticks to Snakes      Tmut           #.......     14%         2    ###....
k - Spider Form           Tmut/Pois      ##........   19%         3    ###....

Your spell library contained the following spells:

 Spells                   Type           Power        Failure   Level  Hunger
 Ice Form                 Ice/Tmut       #.......     80%         4    #####..
 Blade Hands              Tmut           #.........   94%         5    ######.


Dungeon Overview and Level Annotations

Branches:
Dungeon (2/15)

Altars:


Innate Abilities, Weirdness & Mutations

You cannot wear most types of armour.
You are very stealthy in the water. (Stealth+)
You are amphibious.
You can wear up to eight rings at the same time.
You can use your tentacles to constrict eight enemies at once.
Your skin changes colour to match your surroundings (Stealth+).
Your rubbery body absorbs attacks. (AC +1, EV +1)


Message History

You tentacle-slap something.
Reactivating autopickup.
Training target 2.0 for Poison Magic reached!
Your Fighting skill increases to level 4!
Your Poison Magic skill gained 3 levels and is now at level 3!
You have reached level 4!
You have reached level 5!
You feel stronger.
You feel a bit more experienced.
Unknown command.
Your magical contamination has completely faded away.
Eating one of 6 chunks of flesh.
You eat one of the 6 chunks of flesh.
This raw flesh tastes terrible.
Magic restored.
Some of the chunks of flesh in your inventory have rotted away.
All of the chunks of flesh in your inventory have rotted away.
Things that are here:
a +0 scythe; a +0 robe
Okay, then.
Are you sure you want to abandon this character and quit the game? (Confirm with "yes".)

# #.#
#
####)#
##.
#....#
.<.#
#.####
####
#.# #
#.# #
#.###
#...#
###@#
#.#
#.#
#.#
#.#
#.#
#.#
#.#


There were no monsters in sight!

Vanquished Creatures
  Sigmund (D:2)
  An adder (D:2)
  A worm (D:2)
  A dart slug (D:1)
  3 leopard geckos
  2 goblins
  A hobgoblin (D:1)
  A ball python (D:2)
  A bat (D:1)
  A frilled lizard (D:2)
  7 kobolds
  4 rats
24 creatures vanquished.

Notes
Turn   | Place    | Note
-------+----------+-------------------------------------------
     0 | D:1      | Duffy the Octopode Transmuter began the quest for the Orb.
     0 | D:1      | Reached XP level 1. HP: 13/13 MP: 3/3
   346 | D:1      | Reached skill level 2 in Fighting
   346 | D:1      | Reached XP level 2. HP: 19/19 MP: 5/5
   839 | D:2      | Learned a level 2 spell: Sticks to Snakes
  1101 | D:2      | Reached XP level 3. HP: 25/25 MP: 6/6
  1106 | D:2      | Learned a level 3 spell: Spider Form
  1252 | D:2      | Reached skill level 3 in Fighting
  1327 | D:2      | Noticed Sigmund
  1348 | D:2      | HP: 1/26 [something/magic dart (3)]
  1349 | D:2      | Killed Sigmund
  1349 | D:2      | Reached skill level 4 in Fighting
  1349 | D:2      | Reached XP level 4. HP: 1/34 MP: 3/7
  1349 | D:2      | Reached XP level 5. HP: 1/38 MP: 3/8
  1653 | D:2      | Quit the game

Levels and vault maps discovered:
D:1:      wander_arrival_chamber, layout_basic
D:2:      layout_loops_ring, uniq_sigmund

Skill      XL: |  1  2  3 |
---------------+----------+-----
Fighting       | 2 4 |  4.3
Poison Magic   | 3 |  3.6
Dodging        | |  2.0
Unarmed Combat | |  3.0
Spellcasting   | |  2.0
Transmutations | |  2.0

Action                   |  1- 3 |  4- 6 || total
-------------------------+-------+-------++-------
Melee: Unarmed           |    55 |       ||    55
       Constrict         |    17 |       ||    17
       Tentacles         |     9 |       ||     9
       Punch             |     1 |       ||     1
       Kick              |     2 |       ||     2
 Cast: Beastly Appendage |     1 |       ||     1
  Use: Potion            |     2 |       ||     2
 Stab: Sleeping          |     4 |       ||     4
  Eat: Chunk             |     1 |     1 ||     2
Armor: Skin              |     3 |       ||     3
Dodge: Dodged            |    29 |       ||    29

Table legend:
 A = Non-vault XP
 B = Vault XP
 C = Vault XP percentage of total XP
 D = Non-vault monster count
 E = Vault monster count
 F = Vault count percentage of total count
                 A         B        C        D         E       F
            +---------+---------+-------+---------+---------+-------
      Total |      52 |     227 |  81.4 |      23 |       1 |   4.2
            +---------+---------+-------+---------+---------+-------
        D:1 |      22 |       0 |   0.0 |      13 |       0 |   0.0
        D:2 |      30 |     227 |  88.3 |      10 |       1 |   9.1
            +---------+---------+-------+---------+---------+-------
